 Dungeon Crawl Stone Soup version 0.29-a0-80-g3050e97935 (webtiles) character file.

Game seed: 15413554887897596825

454 Gargoyl the Skirmisher (level 7, -1/44 HPs)
             Began as a Gargoyle Abyssal Knight on Feb 4, 2022.
             Was a Believer of Lugonu.
             Slain by a black bear (2 damage)
             ... on level 4 of the Dungeon.
             The game lasted 00:04:09 (3752 turns).

Gargoyl the Skirmisher (Gargoyle Abyssal Knight)    Turns: 3752, Time: 00:04:10

Health: -1/44      AC: 19    Str: 19    XL:     7   Next: 5%
Magic:  8/8        EV:  6    Int: 10    God:    Lugonu [**....]
Gold:   155        SH:  5    Dex: 10    Spells: 6/6 levels left

rFire   . . .      SeeInvis .   a - +1 hand axe
rCold   . . .      Faith    .   (no shield)
rNeg    + + .      Spirit   .   e - +0 plate armour {Will+}
rPois   ∞          Reflect  +   (no helmet)
rElec   +          Harm     .   f - +0 cloak
rCorr   .          Rampage  .   k - +0 pair of gloves
Will    +....                   (no boots)
Stlth   ..........              g - amulet of reflection
HPRegen 0.14/turn               h - ring of positive energy
MPRegen 0.11/turn               (no ring)

@: no status effects
A: sickness immunity, AC +4, negative energy resistance 1, electricity
resistance, torment resistance 1, petrification resistance
a: Renounce Religion, Depart the Abyss, Bend Space


You were on level 4 of the Dungeon.
You worshipped Lugonu.
Lugonu was pleased with you.
You visited 1 branch of the dungeon, and saw 4 of its levels.
You visited the Abyss 1 time.

You collected 155 gold pieces.

Inventory:

Hand Weapons
 a - a +1 hand axe (weapon)
Armour
 e - a +0 plate armour of willpower (worn)
 f - a +0 cloak (worn)
 k - a +0 pair of gloves (worn)
Jewellery
 g - an amulet of reflection (around neck)
 h - a ring of positive energy (left hand)
Scrolls
 c - 3 scrolls of identify
 j - a scroll of blinking
Potions
 b - a potion of magic
 i - 2 potions of curing


   Skills:
 + Level 4.9 Fighting
 + Level 4.4 Axes
 + Level 1.0 Throwing
 + Level 4.4 Armour
 + Level 0.8 Dodging
 + Level 0.5 Stealth
 + Level 0.7 Shields
 + Level 2.2 Invocations


You had 6 spell levels left.
You didn't know any spells.
Your spell library was empty.

Dungeon Overview and Level Annotations

Branches:
Dungeon (4/15)             Temple (0/1) D:4

Altars:
Gozag
Vehumet


Innate Abilities, Weirdness & Mutations

You are immune to sickness and miasma.
Your stone body is resilient. (AC +4)
You are immune to poison.
You resist negative energy. (rN+)
You are resistant to electric shocks. (rElec)
You are resistant to unholy torment.
You are immune to petrification.


Message History

The black bear is moderately wounded.
The black bear bites you but does no damage.
The black bear claws you but does no damage. x2
You hit the black bear.
The black bear is moderately wounded.
The black bear bites you but does no damage.
The black bear barely misses you. x2
You hit the black bear.
The black bear is heavily wounded.
The black bear bites you but does no damage.
The black bear claws you but does no damage. x2
You hit the black bear.
The black bear is heavily wounded.
You block the black bear's attack.
The black bear claws you but does no damage. x2
You hit the black bear.
The black bear is severely wounded.
The black bear bites you!
The black bear claws you but does no damage. x2
The black bear goes berserk!
You barely miss the black bear.
The black bear is severely wounded.
The black bear looks more healthy.
The black bear bites you. The black bear barely misses you.
The black bear claws you.
You hit the black bear but do no damage.
The black bear is severely wounded.
The black bear bites you. The black bear barely misses you.
You block the black bear's attack. The black bear bites you.
The black bear claws you but does no damage. x2
You hit the black bear.
The black bear is almost dead.
The black bear bites you but does no damage.
The black bear claws you.
* * * LOW HITPOINT WARNING * * *
The black bear claws you but does no damage.
Unknown command.
The black bear bites you!
* * * LOW HITPOINT WARNING * * *
The black bear claws you.
You die...

##...##)..............#
#...#..(#.#...#..#.....
......(####...#.###.##.
....#.(.####..#######
...###(...........#..
... .(.#...#...#...# .
....###.....# #. ....
#.#.....#?# . #'(..h@'#
#...##+##...# ......
.#...# ...... .#####
...... .# ..#.. .. #..#
'# #(


You could see a black bear (berserk).

Vanquished Creatures
  A black bear (D:3)
  An ogre (D:4)
  A bullfrog skeleton (D:4)
  A centaur skeleton (D:4)
  A hound (D:4)
  An orc priest (D:4)
  An iguana (D:4)
  7 adders
  2 worms (D:2)
  2 dart slugs
  7 orcs
  6 ball pythons
  5 bats
  7 endoplasms
  6 goblins
  6 hobgoblins
  2 kobolds
  4 quokkas
  3 frilled lizards
  4 rats
68 creatures vanquished.

Notes
Turn   | Place    | Note
-------+----------+-------------------------------------------
     0 | Abyss:1  | Gargoyl the Gargoyle Abyssal Knight began the quest for the
                  | Orb.
     0 | Abyss:1  | Reached XP level 1. HP: 14/14 MP: 2/2
     0 | D:1      | Escaped the Abyss
    65 | D:1      | Reached XP level 2. HP: 20/20 MP: 3/3
   292 | D:1      | Reached * piety under Lugonu
   367 | D:1      | Reached XP level 3. HP: 20/24 MP: 4/4
   680 | D:2      | Found a faded altar of an unknown god.
  1499 | D:2      | Reached XP level 4. HP: 28/30 MP: 5/5
  2199 | D:3      | Found an opulent altar of Gozag.
  2231 | D:3      | Found a radiant altar of Vehumet.
  2231 | D:3      | Noticed a black bear
  2255 | D:3      | Killed a black bear
  2256 | D:3      | Reached XP level 5. HP: 28/34 MP: 6/6
  2970 | D:4      | Noticed an ogre
  2981 | D:4      | Killed an ogre
  2982 | D:4      | Reached XP level 6. HP: 6/40 MP: 7/7
  3241 | D:4      | Reached ** piety under Lugonu
  3252 | D:4      | Noticed a black bear
  3514 | D:4      | Found a staircase to the Ecumenical Temple.
  3514 | D:4      | Identified the +10 plate armour of Jocular the Leaf {+Inv
                  | Str+4}
  3527 | D:4      | Noticed an orc warrior
  3581 | D:4      | Reached skill level 1 in Throwing
  3671 | D:4      | Reached XP level 7. HP: 30/44 MP: 8/8
  3752 | D:4      | HP: 1/44 [black bear (10)]
  3752 | D:4      | Slain by a black bear

Illustrated notes

Levels and vault maps discovered:
D:1:      wander_arrival_chamber, layout_rooms
D:2:      layout_basic, hellmonk_ecumenical_altar_leap_of_faith
D:3:      layout_basic, nicolae_vehumet_radiance,
          nicolae_gozag_cash_rules_everything_around_me, nrook_campfire
D:4:      minmay_chambers_of_twos, layout_cave_pools, old_standard_altar,
          minmay_temple_entry_waves, minmay_fractal_squares_diagonal_5,
          uniq_edmund, uniq_sigmund

Skill      XL: |  1  2  3  4  5  6 |
---------------+-------------------+-----
Fighting       | 4 |  4.9
Axes           | 2 3 4 |  4.4
Armour         | 3 4 |  4.4
Throwing       | 1 |  1.0
Dodging        | |  0.8
Stealth        | |  0.5
Shields        | |  0.7
Invocations    | |  2.2

Action                   |  1- 3 |  4- 6 |  7- 9 || total
-------------------------+-------+-------+-------++-------
Melee: Hand axe          |    79 |   156 |    11 ||   246
       Punch             |       |     1 |       ||     1
Throw: Dart              |       |    13 |     1 ||    14
Invok: Depart the Abyss  |     1 |       |       ||     1
  Use: Scroll            |     3 |     3 |       ||     6
       Potion            |       |     1 |       ||     1
Armor: Leather armour    |     1 |       |       ||     1
       Plate armour      |    60 |   133 |    21 ||   214
Dodge: Dodged            |    30 |    66 |     6 ||   102
Block: Other             |       |    34 |     3 ||    37

Table legend: (Time is in decaauts)
 A = Elapsed time spent in this place.
 B = Non-inter-level travel time spent in this place.
 C = Inter-level travel time spent in this place.
 D = Time resting spent in this place.
 E = Time spent auto-exploring this place.
 F = Levels seen in this place.
 G = Mean time per level.
                   A        B        C        D        E       F      G
               +--------+--------+--------+--------+--------+-----+--------+
         Total |   3788 |   3688 |    100 |    352 |   2609 |   5 |  757.6 |
       Dungeon |   3788 |   3688 |    100 |    352 |   2609 |   4 |  947.0 |
         Abyss |      0 |      0 |      0 |      0 |      0 |   1 |    0.0 |
               +--------+--------+--------+--------+--------+-----+--------+

Top non-repeatable levels by time:
     D:2: 1399 daAuts
     D:3: 1259 daAuts
     D:1: 665 daAuts
     D:4: 465 daAuts
